 Dungeon Crawl Stone Soup version 0.32-a0-473-gd044c6f0f0 (webtiles) character file.

Game seed: 5262438656969071507

4501 jasper the Severer (level 10, -1/120 HPs)
             Began as a Mountain Dwarf Fighter on Feb 25, 2024.
             Was a High Priest of Uskayaw.
             Slain by a white ugly thing (11 damage)
             ... on level 8 of the Dungeon.
             The game lasted 00:11:16 (6381 turns).

jasper the Severer (Mountain Dwarf Fighter)         Turns: 6381, Time: 00:11:16

Health: -1/120     AC: 26    Str: 23    XL:     10   Next: 16%
Magic:  12/12      EV:  3    Int:  9    God:    Uskayaw [*****.]
Gold:   283        SH:  4    Dex: 12    Spells: 9/9 levels left

rFire   + . .        a - +0 war axe (elec)
rCold   + . .        c - +0 buckler
rNeg    + . .        r - +7 crystal plate armour of Moral Flaws {rN+ Dex+3}
rPois   .            (no helmet)
rElec   .            (no cloak)
rCorr   .            y - +0 pair of gloves
SInv    .            E - +0 pair of boots
Will    +....        (no amulet) Stlth
                     e - ring of protection from fire
HPRegen 0.40/turn    m - ring of protection from cold
MPRegen 0.13/turn

%: no passive effects
@: berserking, very quick
A: runic magic, artefact enchanting
a: Renounce Religion, Stomp, Line Pass, Grand Finale


You were on level 8 of the Dungeon.
You worshipped Uskayaw.
Uskayaw was noncommittal.
You visited 1 branch of the dungeon, and saw 8 of its levels.

You collected 283 gold pieces.

Inventory:

Hand Weapons
 a - a +0 war axe of electrocution (weapon)
 l - a +1 mace of draining
 o - a +0 war axe
 s - the +5 spear of the Forging Owl {spect, rF+ rC+ Str+3 Dex+2}
   (You found it on level 3 of the Dungeon)

   Str+3:     It affects your strength (+3).
   Dex+2:     It affects your dexterity (+2).
   rF+:       It protects you from fire.
   rC+:       It protects you from cold.
 C - the +9 whip of the Twenty Mouths {venom, Dex+7}
   (You found it on level 6 of the Dungeon)

   Dex+7:     It affects your dexterity (+7).
 F - a +1 heavy executioner's axe
Missiles
 g - 73 stones
 h - 2 throwing nets
 q - 10 poisoned darts (quivered)
 D - 5 boomerangs
Armour
 b - a +0 scale mail
 c - a +0 buckler (worn)
 k - a +1 pair of boots
 r - the +7 crystal plate armour of Moral Flaws (worn) {rN+ Dex+3}
   (You found it on level 3 of the Dungeon)

   Dex+3:     It affects your dexterity (+3).
   rN+:       It protects you from negative energy.
 y - a +0 pair of gloves (worn)
 E - a +0 pair of boots (worn)
Jewellery
 e - a ring of protection from fire (left hand)
 f - a +6 ring of strength
 m - a ring of protection from cold (right hand)
 B - the ring of Uwureg {rN+ rCorr}
   (You found it on level 6 of the Dungeon)

   [ring of positive energy]

   rN+:       It protects you from negative energy.
   rCorr:     It protects you from acid and corrosion.
Wands
 v - a wand of charming (5)
 x - a wand of flame (4)
 H - a wand of polymorph (8)
Scrolls
 n - a scroll of vulnerability
 p - 2 scrolls of fog
 w - 2 scrolls of immolation
 z - a scroll of noise
 G - 2 scrolls of fear
Potions
 d - 2 potions of might
 i - 6 potions of curing
 j - 2 potions of attraction
 u - 3 potions of mutation {unknown}
 A - 2 potions of brilliance {unknown}


   Skills:
 + Level 4.8 Fighting
 - Level 16.2 Axes
 + Level 4.7 Armour
 - Level 3.2 Shields
 + Level 3.9 Invocations


You had 9 spell levels left.
You didn't know any spells.
Your spell library contained the following spells:

 Spells                   Type           Power      Damage    Failure   Level
 Magic Dart               Conj           0%         1d3       85%         1
 Summon Small Mammal      Summ           0%         N/A       85%         1
 Blink                    Tloc           0%         N/A       94%         2
 Lesser Beckoning         Tloc           0%         N/A       94%         2
 Momentum Strike          Conj/Tloc      0%         3d8       94%         2
 Searing Ray              Conj           0%         2d4       94%         2
 Call Canine Familiar     Summ           0%         N/A       99%         3
 Anguish                  Hex/Necr       0%         N/A       100%        4
 Cause Fear               Hex            0%         N/A       100%        4
 Fulminant Prism          Conj/Alch      0%         3d5       100%        4
 Summon Blazeheart Golem  Fire/Summ      0%         N/A       100%        4
 Enfeeble                 Hex            0%         N/A       100%        7


Dungeon Overview and Level Annotations

Branches:
Dungeon (8/15)             Temple (0/1) D:6
   Lair: D:8-11

Altars:
Ashenzari
Dithmenos
Fedhas
Gozag
Kikubaaqudgha
Okawaru
Qazlal
Sif Muna
Uskayaw
Wu Jian
Xom
Zin

Shops:
D:7 (

Annotations:
D:4 3 runed translucent doors, Tollund's ghost, amateur MDMo
D:5 2 transporters, jboons's ghost, novice DsMo


Innate Abilities, Weirdness & Mutations

Your spellcasting is much less encumbered by armour.
You can use scrolls of enchantment on lesser artefacts.


Message History

The two-headed ogre is no longer paralysed.
The white ugly thing kicks you. The white ugly thing freezes you. You resist.
Uskayaw will force your foes to share their pain.
You take 10 damage, and have 36/80 hp.
You slash the white ugly thing!
The white ugly thing is heavily wounded.
The meliai is no longer paralysed.
The troll is no longer paralysed.
The hornet is no longer paralysed.
The laughing skull is no longer paralysed.
A sky beast comes into view.
The white ugly thing kicks you! The white ugly thing freezes you! You resist.
* * * LOW HITPOINT WARNING * * *
You take 16 damage, and have 20/80 hp.
Okay, then.
A red film seems to cover your vision as you go berserk!
You feel yourself moving faster!
You feel mighty!
You feel yourself speed up. The white ugly thing kicks you!
* * * LOW HITPOINT WARNING * * *
The white ugly thing freezes you! You resist.
* * * LOW HITPOINT WARNING * * *
You now have 10/120 hp.
You slash the white ugly thing!
The white ugly thing is almost dead.
The white ugly thing kicks you but does no damage.
You can now merge with and destroy a victim.
You slash the white ugly thing!
The white ugly thing is almost dead.
You closely miss the white ugly thing.
The white ugly thing is almost dead.
The white ugly thing completely misses you.
You closely miss the white ugly thing.
The white ugly thing is almost dead.
You closely miss the white ugly thing.
The white ugly thing is almost dead.
The white ugly thing kicks you.
* * * LOW HITPOINT WARNING * * *
The white ugly thing freezes you! You resist.
You die...
Your body falls in perfect tune with the rhythm.

.♣ ♣♣.♣ ♣.♣♣
♣♣♣♣♣♣ ♣♣.♣♣
♣...J ♣♣♣.♣
♣... #♣)..♣#
♣..+ +
#.###.# ♣..#
.#
#)#.#.♣♣♣zo#
o.#
#.#.'.@uyOy#
yz.#
#.#.#.♣♣♣T.#


Fyu.# #.###.# ♣..#.Ty..# #♣.†.♣# ♣..y# ♣♣♣.♣ ♣......... ♣♣.♣♣ ♣......... ♣.♣♣
♣♣♣♣♣♣z♣♣♣ ♣♣.♣ .♣ ##♣.♣## # You could see a white ugly thing, a two-headed
ogre, a troll, a hornet, a laughing skull, a meliai and an orc wizard.

Vanquished Creatures
  A cane toad (shapeshifter) (D:8)
  Grinder (D:6)
  4 yaks (D:5)
  2 wyverns
  3 steam dragons (D:8)
  3 water moccasins
  A black bear (D:7)
  2 ice beasts
  3 sky beasts
  An ogre (D:6)
  A phantom (D:6)
  2 kobold brigands
  3 bullfrogs (D:8)
  A gnoll sergeant (D:5)
  3 scorpions
  5 wights (D:6)
  2 killer bees (D:8)
  2 howler monkeys (D:7)
  2 bombardier beetles
  A hound (D:6)
  3 orc priests
  A jelly (D:7)
  A sleepcap (D:6)
  A gnoll bouda (D:8)
  4 iguanas
  2 orc wizards
  Natasha (D:3)
  8 gnolls
  7 adders
  2 shadow imps
  3 white imps
  2 ufetubi (D:6)
  2 ribbon worms
  6 dart slugs
  16 orcs
  3 ball pythons
  2 bats
  9 endoplasms
  4 giant cockroaches
  8 goblins
  8 hobgoblins
  7 jackals
  13 kobolds
  3 quokkas
  5 frilled lizards
  6 rats
170 creatures vanquished.

Vanquished Creatures (others)
  A jelly (D:8)
1 creature vanquished.

Grand Total: 171 creatures vanquished

Notes
Turn   | Place    | Note
-------+----------+-------------------------------------------
     0 | D:1      | jasper the Mountain Dwarf Fighter began the quest for the
                  | Orb.
     0 | D:1      | Reached XP level 1. HP: 19/19 MP: 1/1
    83 | D:1      | Reached skill level 3 in Axes
    95 | D:1      | Reached XP level 2. HP: 26/26 MP: 2/2
   169 | D:1      | Found a faded altar of an unknown god.
   172 | D:1      | Prayed at the altar of an unknown god.
   172 | D:1      | Became a worshipper of Uskayaw the Reveller
   172 | D:1      | Reached * piety under Uskayaw
   221 | D:1      | Reached skill level 4 in Axes
   223 | D:1      | Reached ** piety under Uskayaw
   319 | D:1      | Reached XP level 3. HP: 31/31 MP: 3/3
  1019 | D:2      | Reached skill level 5 in Axes
  1364 | D:2      | Reached XP level 4. HP: 38/38 MP: 4/4
  1789 | D:3      | Found an ancient bone altar of Kikubaaqudgha.
  1896 | D:3      | Identified the +7 crystal plate armour of Moral Flaws {rN+
                  | Dex+3}
  2082 | D:3      | Identified the +5 spear of the Forging Owl {spect, rF+ rC+
                  | Str+3 Dex+2}
  2082 | D:3      | Noticed Natasha
  2087 | D:3      | Killed Natasha
  2088 | D:3      | Reached skill level 6 in Axes
  2105 | D:3      | Found a broken altar of Ashenzari.
  2130 | D:3      | Reached XP level 5. HP: 45/45 MP: 5/5
  2246 | D:3      | Found a blossoming altar of Fedhas.
  2407 | D:4      | Found an opulent altar of Gozag.
  2475 | D:4      | Found a runed translucent gate.
  2476 | D:4      | Found a runed translucent gate.
  2477 | D:4      | Found a runed translucent gate.
  2478 | D:4      | Noticed Tollund's ghost (amateur MDMo)
  2605 | D:4      | Reached skill level 7 in Axes
  2698 | D:4      | Reached XP level 6. HP: 51/51 MP: 6/6
  2721 | D:4      | Reached skill level 8 in Axes
  3127 | D:5      | Entered Level 5 of the Dungeon
  3382 | D:5      | Noticed a water moccasin
  3382 | D:5      | Found a transporter.
  3382 | D:5      | Found a stormy altar of Qazlal.
  3501 | D:5      | Noticed a sky beast
  3527 | D:5      | Killed a sky beast
  3528 | D:5      | Reached skill level 9 in Axes
  3528 | D:5      | Reached XP level 7. HP: 12/57 MP: 7/7
  3531 | D:5      | Reached *** piety under Uskayaw
  3656 | D:5      | Reached **** piety under Uskayaw
  3691 | D:5      | Reached skill level 10 in Axes
  3762 | D:5      | Found a shadowy altar of Dithmenos.
  3786 | D:5      | Noticed a yak
  3786 | D:5      | Noticed a yak
  3786 | D:5      | Noticed a yak
  3787 | D:5      | Noticed a yak
  3796 | D:5      | Killed a yak
  3799 | D:5      | Killed a yak
  3800 | D:5      | Reached skill level 11 in Axes
  3800 | D:5      | Reached XP level 8. HP: 57/63 MP: 8/8
  3803 | D:5      | Reached ***** piety under Uskayaw
  3813 | D:5      | Reached skill level 12 in Axes
  3930 | D:5      | Noticed jboons's ghost (novice DsMo)
  4033 | D:5      | Found a transporter.
  4343 | D:5      | Found a shimmering blue altar of Sif Muna.
  4513 | D:6      | Noticed Grinder
  4523 | D:6      | Killed Grinder
  4524 | D:6      | Reached skill level 13 in Axes
  4558 | D:6      | Identified the ring of Uwureg {rN+ rCorr}
  4617 | D:6      | Identified the +9 whip of the Twenty Mouths {venom, Dex+7}
  4629 | D:6      | Found a staircase to the Ecumenical Temple.
  4826 | D:6      | Reached skill level 14 in Axes
  4826 | D:6      | Reached XP level 9. HP: 54/70 MP: 9/9
  5200 | D:7      | Identified the +0 rapier of Onur {spect, Str+4}
  5240 | D:7      | Reached skill level 15 in Axes
  5294 | D:7      | Found Agasm's Weapon Emporium.
  5343 | D:7      | Found an ornate altar of the Wu Jian Council.
  5424 | D:7      | Found a shimmering altar of Xom.
  5855 | D:7      | Found a glowing silver altar of Zin.
  5855 | D:7      | Found an iron altar of Okawaru.
  6082 | D:7      | Identified a scroll of acquirement
  6082 | D:7      | Acquired a +1 heavy executioner's axe
  6117 | D:8      | Reached skill level 16 in Axes
  6264 | D:8      | Reached skill level 1 in Invocations
  6328 | D:8      | Reached XP level 10. HP: 78/79 MP: 10/12
  6351 | D:8      | Noticed a white ugly thing
  6356 | D:8      | a spriggan changed into a cane toad
  6356 | D:8      | Noticed a cane toad (shapeshifter)
  6361 | D:8      | Killed a cane toad
  6366 | D:8      | Noticed a two-headed ogre
  6373 | D:8      | Noticed a meliai
  6381 | D:8      | Slain by a white ugly thing

Illustrated notes

Levels and vault maps discovered:
D:1:      wander_arrival_desolate, layout_loops_ring,
          chequers_ecumenical_altar_twisty
D:2:      layout_basic, minmay_tromino_i4
D:3:      layout_rooms, nicolae_kikubaaqudgha_miasma_corner, fedhas_altar_2,
          general_overflow_altar, uniq_natasha
D:4:      layout_gridville, grunt_gozag_statues, gammafunk_ghost_necromancy
D:5:      layout_basic, mainiacjoe_overflow_concentric_impassable, led_sif_pool,
          lemuel_tele_altar, gammafunk_ghost_arena
D:6:      layout_rooms, minmay_temple_entry_trees, uniq_grinder
D:7:      layout_gridville, mainiacjoe_overflow_six_doors_small,
          kennysheep_mini_moat, gammafunk_temple_overflow_wave, serial_shops,
          nicolae_diamond_shop, kennysheep_opposing_triangles
D:8:      nzn_winding_woodlands_large [nzn_winding_woodlands_5x5_perimeter,
          nzn_winding_woodlands_5x15_sidewinder,
          nzn_winding_woodlands_5x5_cross, nzn_winding_woodlands_center_garden,
          nzn_winding_woodlands_15x15_killbox,
          nzn_winding_woodlands_center_triple_pond,
          nzn_winding_woodlands_5x5_default, nzn_winding_woodlands_5x15_cabin,
          nzn_winding_woodlands_hourglass], layout_layer_cave,
          mainiacjoe_overflow_catwalk, minmay_misc_feat_tiny, uniq_psyche

Skill      XL: |  1  2  3  4  5  6  7  8  9 10 |
---------------+-------------------------------+-----
Axes           | 3 4 5 6 7 9 11 14 16 | 16.2
Invocations    | 2 3 |  3.9
Fighting       | 4 |  4.8
Armour         | 4 |  4.7
Shields        | |  3.2

Action                     |  1- 3 |  4- 6 |  7- 9 | 10-12 || total
---------------------------+-------+-------+-------+-------++-------
  Melee: War axe           |   126 |   176 |   227 |    23 ||   552
  Throw: Dart              |       |    14 |     7 |       ||    21
 Invoke: Line Pass         |       |       |     2 |       ||     2
  Evoke: Wand              |       |       |     3 |       ||     3
    Use: Scroll            |     4 |     5 |     5 |       ||    14
         Potion            |       |       |     1 |     1 ||     2
   Stab: Paralysed         |       |       |    15 |     1 ||    16
         Confused          |       |       |     1 |       ||     1
 Armour: Scale mail        |    67 |    18 |       |       ||    85
         Crystal plate arm |       |   147 |   163 |    22 ||   332
  Dodge: Dodged            |    50 |    27 |    12 |     2 ||    91
  Block: Buckler           |    24 |    34 |    30 |     1 ||    89

Table legend: (Time is in decaauts)
 A = Elapsed time spent in this place.
 B = Non-inter-level travel time spent in this place.
 C = Inter-level travel time spent in this place.
 D = Time resting spent in this place.
 E = Time spent auto-exploring this place.
 F = Levels seen in this place.
 G = Mean time per level.
                   A        B        C        D        E       F      G
               +--------+--------+--------+--------+--------+-----+--------+
         Total |   6414 |   6143 |    271 |    895 |   3893 |   8 |  801.8 |
       Dungeon |   6414 |   6143 |    271 |    895 |   3893 |   8 |  801.8 |
               +--------+--------+--------+--------+--------+-----+--------+

Top non-repeatable levels by time:
     D:5: 1225 daAuts
     D:7: 981 daAuts
     D:4: 949 daAuts
     D:2: 921 daAuts
     D:1: 864 daAuts
     D:3: 617 daAuts
     D:6: 587 daAuts
     D:8: 266 daAuts
